AoeStats
← kolemy

Black Forest

505920371Analyzed
3v3 RM · 20d ago on Sep 11, 2026· 55m 13s· 6 players
Game mode
Random Map
Map size
Normal (6 player)
Population
200
Speed
Normal
Resources
Standard
Victory
Conquest
Starting age
Dark Age
Ending age
Imperial Age
RankedLock teamsTeams togetherTeam positionsShared explorationLock speedFull tech treeHidden civsTurbo modeCheats
Victory
Defeat
🇬🇹 Vietnamese · Guatemala
596
+17
🇲🇽 Aztecs · Mexico
593
+17
🇺🇸 Portuguese · United States
557
+19
🇬🇷 Britons · Greece
659
-19
🇫🇷 Bulgarians · France
636
-18
🇹🇷 Slavs · Türkiye
572
-16
luial10
14:45 Feudal Age
15:33 Horse Collar
15:42 Double-Bit Axe
15:50 Stone Mining
15:51 Gold Mining
16:50 Wheelbarrow
18:24 Town Watch
24:49 Scale Mail Armor
28:19 Bloodlines
31:43 Castle Age
30:13 Scale Barding Armor
30:20 Forging
32:46 Hand Cart
31:58 Pikeman
32:25 Arson
32:05 Light Cavalry
32:48 Husbandry
34:17 Caravan
34:26 Treadmill Crane
34:58 Fortified Wall
35:11 Town Patrol
35:55 Bow Saw
35:48 Heavy Plow
41:55 Imperial Age
41:29 Masonry
41:16 Murder Holes
41:23 Guard Tower
43:37 Chemistry
45:26 Conscription
45:03 Loom
47:08 Two-Man Saw
48:06 Arquebus
50:03 Halberdier
50:45 Elite Organ Gun
52:32 Iron Casting
51:48 Fletching
51:58 Padded Archer Armor
53:41 Stone Shaft Mining
54:42 Leather Archer Armor
54:23 Bodkin Arrow
55:30 Blast Furnace
54:46 Chain Mail Armor
pepe_prado99
0:43 Loom
13:57 Feudal Age
14:28 Horse Collar
14:36 Double-Bit Axe
16:19 Gold Mining
20:56 Castle Age
18:53 Stone Mining
19:49 Forging
19:39 Scale Mail Armor
20:00 Scale Mail Armor
21:06 Arson
24:21 Iron Casting
24:02 Chain Mail Armor
23:51 Heavy Plow
24:09 Eagle Warrior
26:33 Squires
29:09 Bow Saw
34:23 Imperial Age
32:59 Wheelbarrow
33:07 Gold Shaft Mining
33:08 Stone Shaft Mining
34:02 Hand Cart
33:33 Town Watch
35:46 Conscription
36:30 Crop Rotation
38:07 Blast Furnace
37:39 Plate Mail Armor
39:42 Garland Wars
40:18 Elite Jaguar Warrior
41:55 Town Patrol
47:51 Heated Shot
47:43 Treadmill Crane
48:10 Siege Engineers
49:06 Chemistry
49:55 Ballistics
50:26 Caravan
53:02 Fletching
53:12 Padded Archer Armor
53:15 Murder Holes
53:06 Arrowslits
kolemy
1:12 Loom
18:48 Feudal Age
18:52 Feudal Age
21:10 Fishing Lines
21:23 Double-Bit Axe
21:56 Man-at-Arms
22:22 Arson
22:33 Horse Collar
29:21 Castle Age
29:49 Gold Mining
29:50 Stone Mining
30:46 Wheelbarrow
29:58 Town Watch
30:18 Crossbowman
31:04 Thumb Ring
33:49 Caravan
34:34 Bow Saw
35:21 Hand Cart
35:07 Town Patrol
35:02 Treadmill Crane
35:18 Murder Holes
35:45 Ballistics
37:59 Elite Skirmisher
39:04 Fortified Wall
39:48 Stone Shaft Mining
42:57 Imperial Age
41:07 Fletching
41:18 Scale Mail Armor
41:25 Scale Barding Armor
41:22 Padded Archer Armor
41:33 Forging
40:47 Long Swordsman
41:29 Squires
40:56 Light Cavalry
41:38 Husbandry
41:41 Chatras
44:00 Paper Money
44:09 Bodkin Arrow
44:51 Iron Casting
43:40 Arbalester
43:48 Elite Battle Elephant
44:40 Bloodlines
45:40 Two-Man Saw
45:47 Chemistry
44:54 Siege Engineers
44:40 Guard Tower
44:39 Arrowslits
47:16 Heavy Plow
47:13 Gillnets
47:28 Cavalier
49:49 Bracer
49:13 Pikeman
49:15 Two-Handed Swordsman
50:19 Chain Mail Armor
50:21 Leather Archer Armor
51:14 Keep
kriber
0:46 Loom
19:35 Feudal Age
21:25 Horse Collar
21:33 Double-Bit Axe
21:39 Fishing Lines
23:19 Gold Mining
23:20 Stone Mining
30:53 Castle Age
29:28 Scale Mail Armor
29:39 Forging
32:17 Iron Casting
32:20 Squires
33:47 Gold Shaft Mining
33:48 Stone Shaft Mining
33:14 Gillnets
36:01 Fletching
36:17 Scale Barding Armor
36:37 Caravan
37:30 Bow Saw
42:32 Imperial Age
42:45 Imperial Age
40:24 Stirrups
40:33 Murder Holes
40:31 Guard Tower
40:40 Bodkin Arrow
41:06 Chain Barding Armor
41:22 Heavy Plow
42:15 Wheelbarrow
42:49 Elite Konnik
43:51 Conscription
44:52 Blast Furnace
44:29 Plate Barding Armor
44:51 Crop Rotation
45:24 Hand Cart
btaskin076
19:16 Feudal Age
26:36 Castle Age
43:58 Detinets
47:20 Double-Bit Axe
50:10 Scale Mail Armor
drunk pank
2:02 Loom
16:28 Feudal Age
20:28 Man-at-Arms
21:24 Horse Collar
27:04 Castle Age
27:07 Scale Mail Armor
27:18 Forging
26:59 Fletching
27:10 Padded Archer Armor
27:33 Long Swordsman
27:59 Gambesons
31:02 Chain Mail Armor
30:35 Crossbowman
31:25 Squires
32:54 Yeomen
37:36 Iron Casting
39:18 Pikeman
39:44 Arson
42:07 Leather Archer Armor
47:14 Imperial Age
47:48 Halberdier
49:26 Ring Archer Armor
48:52 Bodkin Arrow
49:28 Plate Mail Armor
49:59 Blast Furnace
52:57 Bracer
52:22 Arbalester
Connection lost

Rejoining the realm…

Still unreachable

The connection could not be restored.

Session expired

The server has moved on; the page needs a fresh start.